 Dungeon Crawl Stone Soup version 0.19-a0-1704-gbd66c22 (webtiles) character file.

2431 Goblin1989 the Slicer (level 9, -3/91 HPs)
             Began as a Demonspawn Assassin on Sept 27, 2016.
             Was an Elder of Dithmenos.
             Slain by a killer bee (5 damage)
             ... on level 8 of the Dungeon.
             The game lasted 00:17:30 (5693 turns).

Goblin1989 the Slicer (Demonspawn Assassin)         Turns: 5693, Time: 00:17:30

Health: -3/91      AC: 17    Str: 18    XL:     9   Next: 24%
Magic:  9/9        EV: 15    Int: 15    God:    Dithmenos [****..]
Gold:   368        SH:  0    Dex: 14    Spells: 0 memorised, 8 levels left

rFire  . . .     SeeInvis .     a - +5 short sword (protect)
rCold  . . .     Gourm    .     h - +0 robe
rNeg   . . .     Faith    .     (no shield)
rPois  +         Spirit   .     x - +0 helmet
rElec  .         Dismiss  .     d - +0 cloak
rCorr  .         Reflect  .     y - +0 pair of gloves
MR     .....     Harm     .     k - +1 pair of boots
Stlth  ..........               (no amulet)
                                p - +4 ring of evasion
                                o - ring of poison resistance

@: berserking, protection aura, wreathed by umbra, very quick
A: claws 1, molten scales 1, powered by death 2
a: Shadow Step, Renounce Religion


You were on level 8 of the Dungeon.
You worshipped Dithmenos.
Dithmenos was greatly pleased with you.
You were not hungry.

You visited 1 branch of the dungeon, and saw 8 of its levels.

You collected 368 gold pieces.

Inventory:

Hand Weapons
 a - a +5 short sword of protection (weapon)
 q - a +0 blowgun {@w1}
Missiles
 e - 62 poisoned needles
 f - 2 curare-tipped needles
 Z - 2 throwing nets (quivered)
Armour
 d - a +0 cloak (worn)
 h - a +0 robe (worn)
 k - a +1 pair of boots (worn)
 x - a +0 helmet (worn)
 y - a +0 pair of gloves (worn)
Jewellery
 g - an uncursed ring of resist corrosion
 o - a ring of poison resistance (left hand)
 p - a +4 ring of evasion (right hand)
 C - an uncursed ring of ice
Wands
 m - a wand of digging (11/24)
 A - a wand of teleportation (6/9) {@v4}
 E - a wand of enslavement (10/24)
Scrolls
 c - a scroll of recharging
 j - a scroll of fog
 l - 4 scrolls of remove curse {@r2}
 t - 2 scrolls of fear
 D - a scroll of blinking {unknown}
 R - 2 scrolls of identify {@r1}
 T - 3 scrolls of teleportation {@r4}
Potions
 b - 3 potions of agility
 u - a potion of curing {@q1}
 w - 2 potions of flight {unknown}
 z - a potion of beneficial mutation {unknown}
Comestibles
 i - 7 beef jerkies
 n - 12 bread rations
 s - 3 slices of pizza
 v - 7 meat rations
 B - 3 chunks of flesh


   Skills:
 - Level 2.0 Fighting
 * Level 9.5 Short Blades
 - Level 1.7 Throwing
 - Level 0.8 Dodging
 + Level 8.2 Stealth


You had 8 spell levels left.
You didn't know any spells.

Dungeon Overview and Level Annotations

Branches:
Dungeon (8/15)             Temple (0/1) D:5
   Lair: D:8-11

Altars:
Cheibriados
Dithmenos
Fedhas
Qazlal
Ru
Xom


Innate Abilities, Weirdness & Mutations

You have sharp fingernails.
You are partially covered in molten scales. (AC +2)
You regenerate health from kills.


Message History

The killer bee is almost dead.
The killer bee misses you.
The killer bee stings you but does no damage. x2
You puncture the killer bee!
You kill the killer bee!
Dithmenos accepts your kill.
Your shadow now sometimes tangibly mimics your actions.
The killer bee stings you but does no damage.
The killer bee barely misses you.
You puncture the worker ant!
The worker ant is severely wounded.
Your shadow hits the worker ant but does no damage.
The killer bee stings you.
* * * LOW HITPOINT WARNING * * *
The killer bee stings you.
* * * LOW HITPOINT WARNING * * *
You barely miss the killer bee. The killer bee stings you.
* * * LOW HITPOINT WARNING * * *
The killer bee stings you.
You die...

.......ਜ....ਜ......ਜ.........ਜ ..
...ਜਜ∆ਜਜ....ਜ......▲........)▲ .
...ਜ........ਜ......ਜਜ....ਜਜ..ਜ
...ਜ........ਜ......ਜਜ....ਜਜ..ਜ
ਜ..ਜ..).....ਜਜ∆ਜਜਜਜਜਜ........ਜਜਜਜ
ਜ..ਜ........ਜ..ਜ....ਜ........ਜਜ.<
...ਜ........ਜ..ਜ....ਜ............
...ਜ........ਜ..∆.y..ਜ............
ਜ..ਜ........ਜ>.ਜ@a..ਜ............
ਜਜਜਜਜਜਜਜ....ਜ..ਜ†y..ਜਜਜਜਜਜਜਜਜਜਜਜਜ
ਜ ਜਜਜਜਜਜ..ਜ........ ਜ
...ਜ........ ਜ ਜਜਜਜਜ........ ਜ
......... ਜ .....ਜਜ∆ਜ ਜ .....ਜ ..


You could see a worker ant and 2 killer bees.

Vanquished Creatures
  A hippogriff (D:7)
  Eustachio (D:5)
  A black bear (D:7)
  A necrophage (D:8)
  An ice beast (D:6)
  A sky beast (D:8)
  2 ogres
  A phantom (D:5)
  The ghost of Goblin1989 the Sneak, an amateur DsAs (D:3)
  A crocodile (D:8)
  A bullfrog (D:7)
  4 scorpions
  3 killer bees (D:8)
  A water moccasin skeleton (D:7)
  A bullfrog zombie (D:8)
  2 centaur zombies
  A jelly (D:6)
  An orc priest (D:4)
  3 hounds
  3 orc wizards
  4 iguanas
  A bullfrog skeleton (D:6)
  7 worker ants
  Robin (D:2)
  2 worker ant zombies (D:6)
  A gnoll (D:1)
  6 adders
  2 shadow imps (D:5)
  An adder skeleton (D:5)
  3 worms
  3 dart slugs
  4 leopard geckos
  14 orcs
  6 bats
  7 giant cockroaches
  14 goblins
  11 hobgoblins
  15 jackals
  4 quokkas
  A ball python (D:2)
  5 frilled lizards
  A jackal skeleton (D:4)
  7 kobolds
  37 rats
188 creatures vanquished.

Notes
Turn   | Place    | Note
-------+----------+-------------------------------------------
     0 | D:1      | Goblin1989 the Demonspawn Assassin began the quest for the Orb.
     0 | D:1      | Reached XP level 1. HP: 16/16 MP: 1/1
    94 | D:1      | Found a shimmering altar of Xom.
   201 | D:1      | Reached skill level 2 in Short Blades
   201 | D:1      | Gained mutation: You regenerate a little health from kills. [demonic ancestry]
   201 | D:1      | Reached XP level 2. HP: 22/22 MP: 2/2
   559 | D:1      | Reached XP level 3. HP: 27/27 MP: 3/3
   749 | D:2      | Found a shadowy altar of Dithmenos.
   768 | D:2      | Became a worshipper of Dithmenos the Shadowed
   797 | D:2      | Reached skill level 3 in Short Blades
   961 | D:2      | Noticed Robin
   990 | D:2      | Killed Robin
   990 | D:2      | Gained mutation: You regenerate health from kills. [demonic ancestry]
   990 | D:2      | Reached XP level 4. HP: 14/33 MP: 4/4
  1063 | D:2      | Found a snail-covered altar of Cheibriados.
  1484 | D:2      | Found a sacrificial altar of Ru.
  1742 | D:3      | Reached * piety under Dithmenos
  1827 | D:3      | Gained mutation: You have sharp fingernails. [demonic ancestry]
  1827 | D:3      | Reached XP level 5. HP: 38/38 MP: 5/5
  1861 | D:3      | Noticed Goblin1989's ghost (amateur DsAs)
  1921 | D:3      | Killed Goblin1989's ghost
  1921 | D:3      | Reached skill level 4 in Short Blades
  1921 | D:3      | Reached skill level 5 in Stealth
  2281 | D:3      | Reached ** piety under Dithmenos
  2477 | D:4      | Gained mutation: You are partially covered in molten scales. (AC +2) [demonic ancestry]
  2477 | D:4      | Reached XP level 6. HP: 44/44 MP: 6/6
  2523 | D:4      | Found a stormy altar of Qazlal.
  2698 | D:4      | Reached skill level 5 in Short Blades
  3337 | D:5      | Entered Level 5 of the Dungeon
  3450 | D:5      | Found a staircase to the Ecumenical Temple.
  3455 | D:5      | Reached XP level 7. HP: 50/50 MP: 7/7
  3518 | D:5      | Reached *** piety under Dithmenos
  3603 | D:5      | Reached skill level 6 in Short Blades
  3643 | D:5      | Noticed Eustachio
  3678 | D:5      | Killed Eustachio
  4262 | D:6      | Reached skill level 7 in Short Blades
  4262 | D:6      | Reached XP level 8. HP: 56/56 MP: 8/8
  4480 | D:6      | Found a blossoming altar of Fedhas.
  4971 | D:7      | Reached skill level 8 in Short Blades
  5098 | D:7      | Noticed a hippogriff
  5101 | D:7      | Killed a hippogriff
  5502 | D:8      | Reached skill level 9 in Short Blades
  5502 | D:8      | Reached XP level 9. HP: 61/61 MP: 9/9
  5691 | D:8      | Reached **** piety under Dithmenos
  5692 | D:8      | HP: 4/91 [killer bee (2)]
  5693 | D:8      | Slain by a killer bee

Vault maps used:
D:1:      dpeg_arrival_shrine, xom_teletrap_fun
D:2:      kennysheep_slug_shrine, nicolae_dithmenos_shadow_blocks,
          nicolae_ru_path_of_blood, uniq_robin
D:3:      serial_corexii_hall, corexii_hall_statues_i, corexii_hall_statues_u,
          corexii_hall_statues_i, minmay_rats_cheesy_pizza
D:4:      grunt_qazlal_clouds, first_bread, hangedman_decor_clover_reticule
D:5:      uniq_eustachio
D:6:      fedhas_altar_4
D:7:      grunt_ogre_cave

Skill      XL: |  1  2  3  4  5  6  7  8  9 |
---------------+----------------------------+-----
Stealth        | 4 5 6 7 8 |  8.2
Short Blades   | 2 3 4 5 7 9 |  9.5
Fighting       | |  2.0
Throwing       | |  1.7
Dodging        | |  0.8

Action                   |  1- 3 |  4- 6 |  7- 9 || total
-------------------------+-------+-------+-------++-------
Melee: Dagger            |   132 |     7 |       ||   139
       Short sword       |       |   307 |   247 ||   554
  Use: Scroll            |       |    12 |     4 ||    16
       Potion            |       |       |     2 ||     2
 Stab: Sleeping          |     9 |    18 |    20 ||    47
  Eat: Chunk             |       |     8 |     6 ||    14
       Royal jelly       |       |       |     1 ||     1
Armor: Robe              |    32 |    94 |    68 ||   194
Dodge: Dodged            |    82 |   246 |   217 ||   545

Vault maps used:
D:1:      dpeg_arrival_shrine, xom_teletrap_fun
D:2:      kennysheep_slug_shrine, nicolae_dithmenos_shadow_blocks,
          nicolae_ru_path_of_blood, uniq_robin
D:3:      serial_corexii_hall, corexii_hall_statues_i, corexii_hall_statues_u,
          corexii_hall_statues_i, minmay_rats_cheesy_pizza
D:4:      grunt_qazlal_clouds, first_bread, hangedman_decor_clover_reticule
D:5:      uniq_eustachio
D:6:      fedhas_altar_4
D:7:      grunt_ogre_cave
